 Dungeon Crawl Stone Soup version 0.20-a0-453-g91466d2 (webtiles) character file.

7286 Kriby the Thaumaturge (level 10, 0/63 HPs)
             Began as a Mummy Fire Elementalist on Jan 8, 2017.
             Was a Follower of Sif Muna.
             Splashed by Erica's acid (9 damage)
             ... on level 9 of the Dungeon.
             The game lasted 00:19:10 (15860 turns).

Kriby the Thaumaturge (Mummy Fire Elementalist)    Turns: 15860, Time: 00:19:11

Health: 0/63       AC:  8    Str: 11    XL:     10   Next: 89%
Magic:  6/26       EV: 12    Int: 19    God:    Sif Muna [*.....]
Gold:   233        SH:  0    Dex: 12    Spells: 18/33 levels left

rFire  . . .     SeeInvis .     p - +3 quarterstaff
rCold  . . .     Gourm    .     i - +2 robe {MR+}
rNeg   + + +     Faith    .     (shield currently unavailable)
rPois  ∞         Spirit   .     (no helmet)
rElec  .         Reflect  .     (no cloak)
rCorr  .         Harm     .     a - +1 pair of gloves
MR     ++...                    n - +1 pair of boots
Stlth  ++........               (no amulet)
                                (no ring)
                                e - ring of fire

@: very slightly contaminated
A: no food or potions, fire vulnerability, cold resistance 1, negative energy
resistance 3, torment resistance, unbreathing
a: Divine Energy, Renounce Religion


You were on level 9 of the Dungeon.
You worshipped Sif Muna.
Sif Muna was aware of your devotion.
You were not hungry.

You visited 2 branches of the dungeon, and saw 10 of its levels.

You collected 453 gold pieces.
You spent 220 gold pieces at shops.

Inventory:

Hand Weapons
 l - a +1 halberd of venom
 p - a +3 quarterstaff (weapon)
Armour
 a - a +1 pair of gloves (worn)
 i - a +2 robe of magic resistance (worn)
 n - a +1 pair of boots (worn)
Jewellery
 b - a +4 amulet of reflection {unknown}
 e - a ring of fire (left hand)
Wands
 d - a wand of lightning (9/15)
 m - a wand of iceblast (7/15)
 q - a wand of acid (2/15)
 r - a wand of random effects (29/48)
Scrolls
 c - 7 scrolls of remove curse
 f - a scroll of fog
 g - a scroll of summoning
 h - 6 scrolls of teleportation
 j - 6 scrolls of identify
 k - a scroll of amnesia
 o - a scroll of brand weapon {unknown}


   Skills:
 - Level 1.5 Dodging
 - Level 1.5 Stealth
 - Level 12.0 Spellcasting
 + Level 8.3 Conjurations
 + Level 8.2 Fire Magic


You had 18 spell levels left.
You knew the following spells:

 Your Spells              Type           Power        Failure   Level  Hunger
a - Flame Tongue          Conj/Fire      #####        1%          1    N/A
b - Conjure Flame         Conj/Fire      ######..     1%          3    N/A
c - Sticky Flame          Conj/Fire      ######..     1%          4    N/A
d - Throw Flame           Conj/Fire      ######       1%          2    N/A
e - Fireball              Conj/Fire      ######....   8%          5    N/A

Dungeon Overview and Level Annotations

Branches:
Dungeon (9/15)             Temple (1/1) D:7
   Lair: D:8-11         Orc: D:9-12

Altars:
Ashenzari
Cheibriados
Dithmenos
Elyvilon
Fedhas
Gozag
Hepliaklqana
Kikubaaqudgha
Makhleb
Nemelex Xobeh
Okawaru
Qazlal
Ru
Sif Muna
Trog
Uskayaw
Vehumet
Xom
Yredelemnul
Zin
The Shining One

Shops:
D:6 *

Annotations:
D:8 2 runed doors
D:9 Erica


Innate Abilities, Weirdness & Mutations

You do not eat or drink.
Your flesh is vulnerable to fire.
You are immune to poison.
Your flesh is cold resistant. (rC+)
You are immune to negative energy. (rN+++)
You are immune to unholy pain and torment.
You can survive without breathing.


Message History

You feel a surge of power!
You miscast Fireball.
You are very lightly contaminated with residual magic.
Your skin tingles.
Erica zaps a wand.
The bolt of acid hits you!
You are splashed with acid!
The acid burns!
It is a wand of acid (?/15).
Casting: Fireball
Confirm with . or Enter, or press ? or * to list all spells.
Aiming: Fireball
Press: ? - help, Shift-Dir - straight line You feel a surge of power!
The fireball explodes!
The fireball engulfs Erica.
Erica is severely wounded.
Casting: Fireball
Confirm with . or Enter, or press ? or * to list all spells.
Aiming: Fireball
Press: ? - help, Shift-Dir - straight line You feel a surge of power!
The fireball explodes!
The fireball engulfs Erica.
Erica is almost dead.
Erica zaps a wand.
The bolt of acid hits you!
* * * LOW HITPOINT WARNING * * *
You are splashed with acid!
The acid burns!
You die...

#...........# #...........#
###########...........#
...##....##...##'######
...##....##...#.........
...##.........#.....##..
...##.†.......#.##..##..
...####'#######.........
)..#......# ##@#######
...#......#...........).
...'......#.....(.......
...#......#............##########
...#......#.....@......#.........
...#......#............#.........
...#......#............#.......<.
...#......#............#...##....
...#......# #...##....


You could see Erica.

Vanquished Creatures
  3 two-headed ogres (D:8)
  The ghost of Duffy the Destroyer, a novice DEAE of Vehumet (D:8)
  Prince Ribbit (D:8)
  2 hippogriffs (D:8)
  Grinder (D:5)
  Sigmund (D:6)
  A hungry ghost (D:6)
  A steam dragon (D:9)
  2 water moccasins
  Duvessa (D:4)
  2 sky beasts
  3 orc warriors
  An ogre (D:9)
  3 phantoms
  2 centaurs (D:6)
  3 big kobolds (D:3)
  4 bullfrogs
  Dowan (D:4)
  3 scorpions
  3 killer bees (D:8)
  2 howler monkeys
  3 crimson imps
  5 hounds
  A jelly (D:7)
  8 orc priests
  4 centaur skeletons
  11 orc wizards
  A bullfrog skeleton (D:8)
  2 iguanas (D:4)
  3 worker ants
  A hound skeleton (D:8)
  8 adders
  9 gnolls
  4 shadow imps
  3 oozes
  An adder skeleton (D:4)
  4 worms
  2 dart slugs
  4 leopard geckos
  36 orcs
  6 giant cockroaches
  12 goblins
  13 hobgoblins
  23 jackals
  8 quokkas
  A bat (D:3)
  8 frilled lizards
  57 kobolds
  2 leopard gecko zombies (D:5)
  A quokka skeleton (D:4)
  6 rats
288 creatures vanquished.

Notes
Turn   | Place    | Note
-------+----------+-------------------------------------------
     0 | D:1      | Kriby the Mummy Fire Elementalist began the quest for the Orb.
     0 | D:1      | Reached XP level 1. HP: 13/13 MP: 4/4
    71 | D:1      | Reached skill level 1 in Conjurations
   275 | D:1      | Reached XP level 2. HP: 17/19 MP: 1/5
  1008 | D:1      | Reached skill level 3 in Spellcasting
  1452 | D:2      | Reached XP level 3. HP: 24/24 MP: 5/7
  2528 | D:2      | Reached XP level 4. HP: 30/30 MP: 5/9
  2789 | D:2      | Found a sacrificial altar of Ru.
  2789 | D:2      | Found a shattered altar of Ashenzari.
  2879 | D:3      | Found a faded altar of an unknown god.
  3109 | D:3      | Reached skill level 4 in Spellcasting
  3109 | D:3      | Reached XP level 5. HP: 32/35 MP: 0/11
  3149 | D:3      | HP: 1/35 [orc/mace (8)]
  3183 | D:3      | HP: 1/35 [orc/mace (4)]
  3826 | D:3      | Found a shadowy altar of Dithmenos.
  4625 | D:3      | Reached XP level 6. HP: 31/41 MP: 3/12
  5053 | D:3      | Learned a level 3 spell: Conjure Flame
  5058 | D:3      | Learned a level 4 spell: Sticky Flame
  5061 | D:3      | Learned a level 2 spell: Throw Flame
  5313 | D:3      | Reached skill level 5 in Spellcasting
  5458 | D:3      | Reached XP level 7. HP: 46/46 MP: 13/15
  6312 | D:4      | Found a white marble altar of Elyvilon.
  6323 | D:4      | Reached skill level 6 in Spellcasting
  6797 | D:4      | Noticed Dowan
  6802 | D:4      | Killed Dowan
  6846 | D:4      | Noticed Duvessa
  6860 | D:4      | Killed Duvessa
  6860 | D:4      | Reached skill level 7 in Spellcasting
  7185 | D:4      | Reached XP level 8. HP: 52/52 MP: 8/18
  7696 | D:5      | Entered Level 5 of the Dungeon
  7777 | D:5      | Found a snail-covered altar of Cheibriados.
  7968 | D:5      | Noticed Grinder
  7973 | D:5      | Killed Grinder
  7973 | D:5      | Reached skill level 8 in Spellcasting
  8208 | D:5      | Reached skill level 5 in Conjurations
  8208 | D:5      | Reached skill level 5 in Fire Magic
  9027 | D:6      | Found Ivang's General Store.
  9243 | D:6      | Reached skill level 9 in Spellcasting
  9332 | D:6      | Bought a scroll of summoning for 123 gold pieces
  9332 | D:6      | Bought a scroll of enchant weapon for 97 gold pieces
  9383 | D:6      | Noticed Sigmund
  9539 | D:6      | Killed Sigmund
  9539 | D:6      | Reached XP level 9. HP: 57/57 MP: 16/22
  9900 | D:6      | Reached skill level 10 in Spellcasting
 10006 | D:6      | Learned a level 5 spell: Fireball
 10756 | D:7      | Found a staircase to the Ecumenical Temple.
 10763 | Temple   | Entered the Ecumenical Temple
 12197 | D:8      | Noticed Prince Ribbit
 12203 | D:8      | Killed Prince Ribbit
 12663 | D:8      | Reached skill level 11 in Spellcasting
 12980 | D:8      | Noticed Duffy's ghost (novice DEAE)
 13615 | D:8      | Noticed a two-headed ogre
 13624 | D:8      | Killed a two-headed ogre
 13624 | D:8      | Reached skill level 12 in Spellcasting
 13624 | D:8      | Reached XP level 10. HP: 59/63 MP: 6/26
 13823 | D:8      | Found a runed door.
 13853 | D:8      | Killed Duffy's ghost
 14065 | D:8      | Found a deep blue altar of Sif Muna.
 14168 | D:8      | Found a runed door.
 14217 | D:8      | Noticed a two-headed ogre
 14317 | D:8      | Killed a two-headed ogre
 14492 | D:8      | Became a worshipper of Sif Muna the Loreminder
 14621 | D:8      | Found a hazy altar of Hepliaklqana.
 14643 | D:8      | Noticed a two-headed ogre
 14663 | D:8      | Killed a two-headed ogre
 15345 | D:9      | Reached * piety under Sif Muna
 15856 | D:9      | Noticed Erica
 15860 | D:9      | Splashed by Erica's acid

Vault maps used:
D:1:      dpeg_arrival_shrine
D:2:      gammafunk_temple_overflow_elements, corexii_shack
D:3:      minmay_goblin_kobold_castle, chequers_ecumenical_altar_island,
          nicolae_dithmenos_through_a_glass_darkly
D:4:      first_bread, minmay_ruined_shrine, uniq_duvessa
D:5:      slow_altar_1, hex_large, uniq_grinder
D:6:      serial_shops, nicolae_shop_competitors_out_of_business, uniq_sigmund
D:8:      lemuel_insect_pit, nicolae_overflow_hidden_temple, tgw_sif,
          uniq_prince_ribbit1
D:9:      david_lair_shrubbed, serial_shops, kennysheep_mini, uniq_erica
Temple:   eino_temple_scatter_basement

Skill      XL: |  1  2  3  4  5  6  7  8  9 10 |
---------------+-------------------------------+-----
Conjurations   | 1 2 3 4 5 6 8 |  8.3
Spellcasting   | 3 4 5 7 9 12 | 12.0
Fire Magic     | 3 4 5 6 8 |  8.2
Dodging        | |  1.5
Stealth        | |  1.5

Action                   |  1- 3 |  4- 6 |  7- 9 | 10-12 || total
-------------------------+-------+-------+-------+-------++-------
Melee: Unarmed           |     7 |       |       |       ||     7
       Dagger            |    20 |    18 |       |       ||    38
       Halberd           |       |     8 |     7 |       ||    15
       Quarterstaff      |       |       |   105 |     5 ||   110
 Cast: Flame Tongue      |    79 |   141 |   199 |    49 ||   468
       Throw Flame       |       |    15 |     5 |     2 ||    22
       Sticky Flame      |       |       |    44 |    11 ||    55
       Conjure Flame     |       |       |     1 |     5 ||     6
       Fireball          |       |       |    13 |    13 ||    26
Evoke: Wand              |       |       |     1 |       ||     1
  Use: Scroll            |       |     1 |    12 |       ||    13
 Stab: Distracted        |       |     1 |       |       ||     1
Armor: Robe              |    13 |    17 |    84 |     3 ||   117
Dodge: Dodged            |    36 |    86 |   154 |    12 ||   288
